 Dungeon Crawl Stone Soup version 0.31.0-12-g77e489cdc1 (webtiles) character file.

Game seed: 1952219206149668504

1297 ChrisAssaf the Shooter (level 8, -9/67 HPs)
             Began as a Pale Draconian Hunter on Feb 20, 2024.
             Was an Initiate of Qazlal.
             Succumbed to Duvessa's poison
             ... on level 4 of the Dungeon.
             The game lasted 00:13:24 (3656 turns).

ChrisAssaf the Shooter (Pale Draconian Hunter)      Turns: 3656, Time: 00:13:25

Health: -9/67      AC:  6    Str: 14    XL:     8   Next: 31%
Magic:  12/12      EV: 13    Int: 11    God:    Qazlal [......]
Gold:   174        SH:  0    Dex: 15    Spells: 8/12 levels left

rFire   . . .        h - +2 short sword (distort)
rCold   . . .        (no shield)
rNeg    . . .        (body armour unavailable)
rPois   .            (helmet restricted)
rElec   .            (no cloak)
rCorr   +            (no gloves)
SInv    .            (no boots)
Will    .....        o - amulet of the acrobat
Stlth   ++           m - ring of resist corrosion
HPRegen 0.31/turn    (no ring)
MPRegen 0.13/turn

%: acrobat
@: lethally poisoned (-9 -> -61), short of breath
A: breathe steam, AC +6, unfitting armour, cold-blooded, steam resistance
a: Breathe Steam, Renounce Religion


You were on level 4 of the Dungeon.
You worshipped Qazlal.
Qazlal was noncommittal.
You visited 2 branches of the dungeon, and saw 6 of its levels.
You also visited: Sewer.

You collected 174 gold pieces.

Inventory:

Hand Weapons
 a - a +0 shortbow of freezing
 h - a +2 short sword of distortion (weapon)
Missiles
 i - 2 curare-tipped darts (quivered)
Jewellery
 m - a ring of resist corrosion (left hand)
 o - an amulet of the acrobat (around neck)
Talismans
 b - a blade talisman
Wands
 g - a wand of flame (6)
Scrolls
 c - 3 scrolls of enchant armour
 e - a scroll of vulnerability
 k - a scroll of teleportation
Potions
 d - a potion of mutation {unknown}
 j - a potion of brilliance
 l - a potion of might {unknown}
 n - a potion of attraction {unknown}


   Skills:
 * Level 4.6 Fighting
 * Level 2.0 Short Blades
 - Level 5.7 Ranged Weapons
 * Level 3.9 Dodging
 * Level 3.2 Stealth
 + Level 0.1 Unarmed Combat
 * Level 2.7 Spellcasting
 * Level 1.1 Summonings
 * Level 1.1 Translocations
 * Level 2.7 Evocations
 * Level 2.2 Shapeshifting


You had 8 spell levels left.
You knew the following spells:

 Your Spells              Type           Power      Damage    Failure   Level
a - Call Imp              Summ           8%         N/A       26%         2
b - Blink                 Tloc           6%         N/A       26%         2

Your spell library contained the following spells:

 Spells                   Type           Power      Damage    Failure   Level
 Magic Dart               Conj           4%         1d3       26%         1
 Necrotise                Necr           4%         1d4       26%         1
 Vampiric Draining        Necr           1%         2d6       63%         3
 Martyr's Knell           Necr/Summ      2%         N/A       91%         4
 Curse of Agony           Necr           1%         N/A       100%        5


Dungeon Overview and Level Annotations

Branches:
Dungeon (5/15)             Temple (1/1) D:5           Sewer (visited)

Altars:
Cheibriados
Dithmenos
Elyvilon
Fedhas
Kikubaaqudgha
Qazlal
Ru
Sif Muna
Trog
Uskayaw
Vehumet
Wu Jian
Zin
The Shining One

Annotations:
D:4 Duvessa
D:5 exclusion: oklob plant


Innate Abilities, Weirdness & Mutations

You can breathe blasts of scalding, opaque steam.
Your pale cyan-grey scales are hard. (AC +6)
You cannot fit into any form of body armour.
You are cold-blooded and may be slowed by cold attacks.
You are immune to the effects of steam.


Message History

You are poisoned.
You hit Duvessa but do no damage.
You tail-slap Duvessa, but do no damage.
Duvessa is almost dead.
Duvessa blinks!
You feel very sick.
You hit Duvessa but do no damage.
Space warps around Duvessa.
Duvessa is almost dead.
You feel very sick.
Duvessa hits you with a +4 short sword of venom!
* * * LOW HITPOINT WARNING * * *
You are lethally poisoned!
Unknown command.
You feel much better.
You feel very sick.
Duvessa hits you with a +4 short sword of venom!!
You are lethally poisoned!
Duvessa hits you with a +4 short sword of venom!
* * * LOW HITPOINT WARNING * * *
You are more poisoned.
You feel much better.
You feel extremely sick.
Duvessa hits you with a +4 short sword of venom!
* * * LOW HITPOINT WARNING * * *
You are more poisoned.
You hit Duvessa but do no damage.
You tail-slap Duvessa, but do no damage.
Duvessa is almost dead.
Duvessa blinks!
* * * LOW HITPOINT WARNING * * *
You feel extremely sick.
Unknown command.
Throw: 3 darts (curare)
Press: ? - help, Q - select action, (/) - cycle Shift-Dir - straight line, f/p - Duvessa
Aim: Duvessa, wielding a +4 short sword of venom and wearing a +0 chain mail (almost dead, berserk, 69% to hit)
You throw a curare-tipped dart. The curare-tipped dart hits Duvessa.
Duvessa is poisoned.
Duvessa struggles to breathe.
Duvessa seems to slow down.
Duvessa is almost dead.
You die...

.#...............#
#...###.#
.#...###......##.#
#.......#
.#...###.##..###.#
#....####
.................# #....#
.#...######..###.# ##...#
.........##..###.####
#.###
.............#......###.#
####.#.#.###.#.#.#...##.#
..##.#.#.###.#.#@#.#....#
#.##.#.....#.#.#ยง#.###..#
#.##.###.#.#...#.#.# #..#
#.##.....#.#####e#.# ##.#
#.##.#####.### #.#.# #.#
#............# #.#.# #..
#.##.#####...# #.#. ....
..##.# #...# #(########.
####.# ##### #e..ge...#


You could see Duvessa (berserk, very poisoned, slow).

Vanquished Creatures
  A phantom (D:3)
  9 kobold brigands (Sewer)
  2 scorpions (D:5)
  Dowan (D:4)
  A howler monkey (D:5)
  A bombardier beetle (D:3)
  An orc priest (D:5)
  A hound (D:5)
  A jelly (D:5)
  An iguana (D:5)
  3 orc wizards (D:5)
  3 gnolls (D:5)
  2 adders
  3 river rats (Sewer)
  A white imp (D:5)
  2 dart slugs
  A ribbon worm (Sewer)
  10 orcs
  9 ball pythons
  A bat (D:1)
  11 endoplasms
  2 giant cockroaches
  5 goblins
  A hobgoblin (D:4)
  6 jackals
  3 quokkas
  2 frilled lizards
  5 kobolds (Sewer)
  8 rats
97 creatures vanquished.

Vanquished Creatures (collateral kills)
  A hobgoblin (D:4)
1 creature vanquished.

Grand Total: 98 creatures vanquished

Notes
Turn   | Place    | Note
-------+----------+-------------------------------------------
     0 | D:1      | ChrisAssaf the Draconian Hunter began the quest for the
                  | Orb.
     0 | D:1      | Reached XP level 1. HP: 17/17 MP: 1/1
    81 | D:1      | Reached skill level 1 in Stealth
   205 | D:1      | Reached XP level 2. HP: 24/24 MP: 2/2
   263 | D:2      | Reached skill level 4 in Ranged Weapons
   426 | D:2      | Reached XP level 3. HP: 30/30 MP: 3/3
   577 | D:3      | Noticed a phantom
   698 | D:3      | Killed a phantom
   699 | D:3      | Reached skill level 1 in Spellcasting
   699 | D:3      | Reached XP level 4. HP: 36/37 MP: 3/5
   794 | D:3      | Reached skill level 5 in Ranged Weapons
   794 | D:3      | Reached XP level 5. HP: 43/44 MP: 6/6
   889 | D:5      | Entered Level 5 of the Dungeon
   889 | D:5      | Found a glowing drain.
   903 | Sewer    | Entered a sewer
  1112 | Sewer    | Reached skill level 1 in Evocations
  1112 | Sewer    | Reached XP level 6. HP: 51/51 MP: 6/8
  1133 | Sewer    | Reached skill level 1 in Shapeshifting
  1273 | Sewer    | Your scales start taking on a pale cyan-grey colour.
  1273 | Sewer    | Reached XP level 7. HP: 42/57 MP: 9/9
  1273 | Sewer    | Gained mutation: You are immune to the effects of steam.
                  | [Pale Draconian growth]
  1407 | Sewer    | HP: 1/58 [poisoned by a kobold brigand (curare-tipped
                  | dart)]
  1412 | Sewer    | Reached skill level 1 in Short Blades
  1843 | D:5      | Learned a level 2 spell: Call Imp
  1846 | D:5      | Learned a level 2 spell: Blink
  2432 | D:5      | Reached XP level 8. HP: 66/66 MP: 11/11
  2867 | D:5      | Found a staircase to the Ecumenical Temple.
  2913 | D:5      | Reached skill level 1 in Summonings
  2918 | Temple   | Entered the Ecumenical Temple
  2991 | Temple   | Became a worshipper of Qazlal Stormbringer
  3044 | D:5      | Reached skill level 1 in Translocations
  3078 | D:5      | Found a glowing silver altar of Zin.
  3233 | D:5      | Found a blossoming altar of Fedhas.
  3271 | D:5      | Noticed an oklob plant
  3600 | D:4      | Noticed Dowan
  3610 | D:4      | Noticed Duvessa
  3616 | D:4      | Killed Dowan
  3655 | D:4      | HP: 2/67 [poisoned by Duvessa]
  3656 | D:4      | Succumbed to Duvessa's poison

Illustrated notes

Levels and vault maps discovered:
D:1:      wander_arrival_fairy_ring, layout_basic, basic_ecumenical_altar
D:2:      layout_basic, minivault_23, hangedman_abyss_or_decor_lesser_grid
D:3:      layout_loops_corners
D:4:      layout_basic, uniq_duvessa
D:5:      layout_basic, tgw_fedhas, zin_statuary, minmay_temple_entry_waves,
          portal_sewer_entry_a
Temple:   nicolae_temple_x_marks_the_god

Skill      XL: |  1  2  3  4  5  6  7  8 |
---------------+-------------------------+-----
Stealth        | 1 2 3 |  3.2
Ranged Weapons | 4 5 |  5.7
Dodging        | 2 3 |  3.9
Spellcasting   | 1 2 |  2.7
Fighting       | 3 4 |  4.6
Evocations     | 1 2 |  2.7
Shapeshifting  | 1 2 |  2.2
Short Blades   | 1 2 |  2.0
Summonings     | 1 |  1.1
Translocations | 1 |  1.1
Unarmed Combat | |  0.1

Action                     |  1- 3 |  4- 6 |  7- 9 || total
---------------------------+-------+-------+-------++-------
  Melee: Unarmed           |     6 |       |       ||     6
         Short sword       |       |     8 |    65 ||    73
         Tailslap          |       |     1 |     7 ||     8
   Fire: Shortbow          |    72 |    59 |       ||   131
  Throw: Dart              |       |       |     3 ||     3
   Cast: Call Imp          |       |       |     1 ||     1
Ability: Breathe Steam     |       |       |    21 ||    21
  Evoke: Wand              |       |     7 |     2 ||     9
    Use: Scroll            |     7 |     2 |     2 ||    11
         Potion            |     1 |       |     4 ||     5
   Stab: Sleeping          |       |       |     1 ||     1
 Armour: Skin              |    23 |    40 |    64 ||   127
  Dodge: Dodged            |    21 |    63 |    66 ||   150
